 Dungeon Crawl Stone Soup version 0.31.0-12-g77e489cdc1 (webtiles) character file.

Game seed: 5855314528229580783

116711 melvinkitnick the Warrior (level 16, -12/182 HPs)
             Began as an Oni Ice Elementalist on Feb 5, 2024.
             Was an Initiate of Gozag.
             Killed from afar by Aizul (33 damage)
             ... with a bolt of poison
             ... on level 1 of the Spider Nest on Feb 11, 2024.
             The game lasted 02:16:33 (29982 turns).

melvinkitnick the Warrior (Oni Ice Elementalist)   Turns: 29982, Time: 02:16:33

Health: -12/182    AC: 18    Str: 16    XL:     16   Next: 72%
Magic:  16/39      EV: 11    Int: 37    God:    Gozag
Gold:   7448       SH: 12    Dex:  9    Spells: 14/36 levels left

rFire   + . .        x - +2 spear of Balance {flame, Will+ MP+9 Int+3}
rCold   + . .        A - +3 kite shield
rNeg    . . .        E - +2 robe {rC+ rF+}
rPois   .            L - +2 hat {SInv}
rElec   .            l - scarf {shadows}
rCorr   .            (gloves unavailable)
SInv    +            (boots unavailable)
Will    ++...        p - amulet of regeneration
Stlth   +            G - +6 ring of intelligence
HPRegen 1.30/turn    X - +6 ring of intelligence
MPRegen 0.26/turn

%: no passive effects
@: lethally poisoned (-12 -> -65), ice-armoured, freezing walls
A: large, unfitting armour, horns 1, tough skin 1, double potion healing,
drunken brawling
a: Renounce Religion, Potion Petition, Call Merchant, Bribe Branch


You were on level 1 of the Spider Nest.
You worshipped Gozag.
Gozag was greatly pleased with you.
You visited 5 branches of the dungeon, and saw 24 of its levels.

You collected 8657 gold pieces.
You spent 1141 gold pieces at shops.
You paid 68 gold pieces to Gozag.

Inventory:

Hand Weapons
 x - the +2 spear of Balance (weapon) {flame, Will+ MP+9 Int+3}
   (You found it on level 6 of the Dungeon)

   Int+3:     It affects your intelligence (+3).
   Will+:     It increases your willpower.
   MP+9:      It affects your magic capacity (+9).
 B - a +5 demon trident
Missiles
 a - 5 curare-tipped darts (quivered)
 J - 3 darts of dispersal
 R - 5 silver javelins
 Z - 8 javelins
Armour
 l - a scarf of shadows (worn)
 A - a +3 kite shield (worn)
 E - a +2 robe of resistance (worn)
 L - a +2 hat of see invisible (worn)
Jewellery
 p - an amulet of regeneration (around neck)
 y - a +4 ring of protection
 D - a ring of resist corrosion
 G - a +6 ring of intelligence (left hand)
 Q - a ring of protection from cold
 T - the amulet "Taowut" {Reflect rC- Dex+6 Slay+3 SH+5}
   (You found it on level 5 of the Lair of Beasts)

   [amulet of reflection]

   Reflect:   It reflects blocked missile attacks.
   Dex+6:     It affects your dexterity (+6).
   Slay+3:    It affects your accuracy & damage with ranged weapons and melee
   (+3).
   rC-:       It makes you vulnerable to cold.
   SH+5:      It affects your SH (+5).
 V - the ring "Nuymo" {rPois rF+ Will- Str+2}
   (You found it on level 11 of the Dungeon)

   [ring of protection from fire]

   Str+2:     It affects your strength (+2).
   rF+:       It protects you from fire.
   rPois:     It protects you from poison Will-: It decreases your willpower.
 X - a +6 ring of intelligence (right hand)
Wands
 d - a wand of paralysis (16)
 q - a wand of mindburst (21)
 v - a wand of quicksilver (13)
 H - a wand of flame (28)
 I - a wand of iceblast (6)
 U - a wand of digging (5)
Scrolls
 f - 6 scrolls of identify
 h - 8 scrolls of teleportation
 m - a scroll of enchant armour
 s - 4 scrolls of fog
 t - 3 scrolls of vulnerability
 u - 3 scrolls of immolation
 z - 3 scrolls of poison
 M - 2 scrolls of fear
 N - 3 scrolls of blinking
 O - a scroll of amnesia
 P - a scroll of summoning
 S - a scroll of revelation
Potions
 b - a potion of magic
 c - 9 potions of curing
 e - a potion of resistance
 g - 2 potions of might
 i - 3 potions of mutation
 j - 4 potions of brilliance
 k - 7 potions of heal wounds
 n - a potion of berserk rage
 o - 2 potions of cancellation
 w - 5 potions of enlightenment
 C - 3 potions of haste
 F - 3 potions of invisibility
 Y - 4 potions of attraction
Miscellaneous
 r - a phantom mirror
 K - a phial of floods
 W - a condenser vane


   Skills:
 - Level 16.9 Fighting
 - Level 10.0 Dodging
 - Level 1.4 Stealth
 + Level 6.9 Shields
 - Level 10.6 Spellcasting
 * Level 14.8 Conjurations
 - Level 4.0 Summonings
 - Level 4.0 Necromancy
 - Level 4.0 Translocations
 - Level 12.0 Ice Magic


You had 14 spell levels left.
You knew the following spells:

 Your Spells              Type           Power      Damage    Failure   Level
a - Apportation           Tloc           98%        N/A       1%          1
b - Frozen Ramparts       Ice            100%       1d16      1%          3
c - Hailstorm             Conj/Ice       87%        3d14      1%          3
d - Ozocubu's Armour      Ice            83%        N/A       1%          3
e - Sublimation of Blood  Necr           49%        N/A       1%          2
f - Summon Ice Beast      Ice/Summ       68%        N/A       1%          3
g - Orb of Destruction    Conj           46%        9d12      10%         7

Your spell library contained the following spells:

 Spells                   Type           Power      Damage    Failure   Level
 Freeze                   Ice            100%       1d10      1%          1
 Call Imp                 Summ           98%        N/A       1%          2
 Ensorcelled Hibernation  Hex/Ice        100%       N/A       1%          2
 Static Discharge         Conj/Air       100%       3-8/arc   1%          2
 Vampiric Draining        Necr           49%        2d9       3%          3
 Slow                     Hex            76%        N/A       4%          1
 Jinxbite                 Hex            38%        N/A       8%          2
 Scorch                   Fire           38%        2d6       8%          2
 Passage of Golubria      Tloc           49%        N/A       10%         4
 Metabolic Englaciation   Hex/Ice        29%        N/A       12%         5
 Confusing Touch          Hex            19%        N/A       16%         3
 Inner Flame              Hex/Fire       19%        N/A       16%         3
 Passwall                 Erth           19%        N/A       16%         3
 Sigil of Binding         Hex            19%        N/A       16%         3
 Swiftness                Air            19%        N/A       16%         3
 Summon Blazeheart Golem  Fire/Summ      34%        N/A       22%         4
 Summon Lightning Spire   Summ/Air       34%        N/A       22%         4
 Starburst                Conj/Fire      32%        6d10      34%         6
 Airstrike                Air            9%         2d(2-18)  45%         4
 Leda's Liquefaction      Alch/Erth      9%         N/A       45%         4
 Petrify                  Alch/Erth      19%        N/A       45%         4
 Sculpt Simulacrum        Ice/Alch       29%        N/A       54%         6
 Spellforged Servitor     Conj/Summ      36%        N/A       65%         7
 Alistair's Intoxication  Alch           12%        N/A       80%         5
 Silence                  Hex/Air        9%         N/A       80%         5
 Malign Gateway           Summ/Tloc      24%        N/A       100%        7
 Summon Hydra             Summ           24%        N/A       100%        7
 Lehudib's Crystal Spear  Conj/Erth      32%        10d8      100%        8
 Summon Horrible Things   Summ           24%        N/A       100%        8
 Chain Lightning          Conj/Air       32%        3d43      100%        9
 Fire Storm               Conj/Fire      32%        8d8       100%        9
 Shatter                  Erth           9%         3d11*     100%        9


Dungeon Overview and Level Annotations

Branches:
Dungeon (15/15)            Temple (1/1) D:7            Lair (5/5) D:9
  Swamp (0/4) Lair:3       Spider (1/4) Lair:3        Slime (0/5) Lair:4
    Orc (2/2) D:12            Elf (0/3) Orc:2        Vaults (0/5) D:13
 Depths (0/4) D:15

Altars:
Ashenzari
Cheibriados
Dithmenos
Elyvilon
Fedhas
Gozag
Hepliaklqana
Kikubaaqudgha
Makhleb
Nemelex Xobeh
Okawaru
Qazlal
Ru
Sif Muna
Trog
Uskayaw
Vehumet
Wu Jian
Xom
Yredelemnul
Zin
The Shining One

Shops:
D:9 =[=   D:11 [   Orc:1 ?   Orc:2 *[?=

Annotations:
Spider:1 Aizul


Innate Abilities, Weirdness & Mutations

You are too large for most types of armour.
You have a pair of small horns on your head.
You have tough skin. (AC +1)
You gain doubled healing and magic from potions.
Whenever you drink a healing potion, you attack all around you.


Message History

You feel very sick.
The wall freezes Aizul but does no damage.
Aizul coils herself and waves her upper body at you.
The bolt of poison hits you!!!
You are more poisoned.
* * * LOW HITPOINT WARNING * * *
Your ice beast closely misses Aizul.
The wall freezes Aizul.
Aizul hits you but does no damage.
Aiming: Quicksilver Bolt
Press: ? - help, Shift-Dir - straight line, f/p - Aizul
Aim: Aizul (severely wounded, ally target, 43% to hit)
The bolt of dispelling energy misses Aizul.
You feel extremely sick.
The wall freezes Aizul.
Aizul coils herself and waves her upper body at you.
You easily resist.
Your ice beast hits Aizul but does no damage.
Aiming: Quicksilver Bolt
Press: ? - help, Shift-Dir - straight line, f/p - Aizul
Aim: Aizul (severely wounded, not watching you, ally target, 43% to hit)
The bolt of dispelling energy hits Aizul!
Aizul is severely wounded.
You feel extremely sick.
The wall freezes Aizul but does no damage.
Aizul hits you but does no damage.
Your ice beast misses Aizul.
The wall freezes Aizul!
Aizul casts a spell at you. The bolt of poison hits you!!
You are more poisoned.
* * * LOW HITPOINT WARNING * * *
You hit Aizul. You burn Aizul. You headbutt Aizul.
Aizul is almost dead.
* * * LOW HITPOINT WARNING * * *
You feel extremely sick.
The wall freezes Aizul but does no damage.
Aizul coils herself and waves her upper body at you.
The bolt of poison hits you!!
You are more poisoned.
You die...
Your body crumbles into a pile of gold.

### ###..
####...
..#.....##
.........#
#.@.#
#.YS.....
#.#......
## ##.^#.
..# ..# ..


You could see Aizul (ally target) and a friendly ice beast (summoned).

Vanquished Creatures
  Jorgrun (Orc:2)
  An orc warlord (Orc:2)
  Nessos (D:13)
  An eleionoma (Lair:3)
  A dire elephant (Lair:5)
  An ogre mage (D:13)
  9 hydras
  A merfolk avatar (Lair:5)
  A catoblepas (D:14)
  A death knight (D:14)
  5 centaur warriors
  5 two-headed ogres
  5 boulder beetles
  3 tengu warriors
  15 death yaks
  4 orc high priests
  Urug (D:13)
  Nergalle (Lair:1)
  A skeletal warrior (D:13)
  A sea snake (Lair:5)
  A skyshark (Lair:2)
  A deep elf archer (D:13)
  8 orc knights
  An arcanist (D:11)
  2 lindwurms (Lair:1)
  2 deep elf zephyrmancers (D:13)
  21 ugly things
  A wolf spider (Lair:1)
  3 deep elf pyromancers
  An oklob plant (Lair:5)
  4 orc sorcerers
  4 cyclopes
  7 manticores
  6 kobold blastminers (Orc:2)
  8 elephants
  2 black mambas
  A guardian serpent (Lair:3)
  Maggie (D:7)
  4 gargoyles
  2 centaur skeletons (D:13)
  An unseen horror (D:10)
  5 cane toads
  A freezing wraith (D:11)
  2 rime drakes (Lair:5)
  A yaktaur (D:15)
  3 efreet
  A kobold demonologist (D:8)
  10 komodo dragons
  17 trolls
  5 hornets
  A troll (shapeshifter) (D:15)
  A tarantella (Lair:1)
  A wind drake (Lair:5)
  3 polar bears
  2 snapping turtles (Lair:5)
  8 dream sheep
  12 blink frogs
  A jumping spider (Lair:1)
  7 slime creatures (D:14)
  5 culicivoras (Lair:3)
  A centaur simulacrum (D:11)
  A shadow (D:11)
  A vampire (D:11)
  A wraith (D:11)
  27 yaks
  A wyvern (Lair:3)
  3 hogs (D:10)
  4 wargs
  2 humans
  12 vampire mosquitoes
  4 steam dragons
  Grum (D:11)
  4 basilisks
  A redback (Lair:1)
  4 swamp worms (D:10)
  3 acid dragons (D:11)
  10 water moccasins
  28 orc warriors
  2 sky beasts (D:7)
  9 ogres
  12 wolves
  A boggart (D:15)
  19 centaurs
  8 kobold brigands
  8 bullfrogs
  A gnoll sergeant (D:7)
  2 scorpions (D:6)
  7 wights
  4 killer bees (D:8)
  5 howler monkeys
  4 electric eels
  4 bombardier beetles
  2 lava snakes (Lair:1)
  3 hounds
  3 jellies
  25 orc priests
  A gnoll bouda (D:9)
  A sleepcap (D:6)
  Terence (D:2)
  4 iguanas
  23 orc wizards
  10 gnolls
  13 adders
  3 shadow imps
  5 ufetubi
  3 ribbon worms
  2 dart slugs
  73 orcs
  4 bats
  7 endoplasms
  3 giant cockroaches
  8 goblins
  4 hobgoblins
  2 jackals (D:4)
  30 kobolds
  6 quokkas
  6 ball pythons
  3 frilled lizards
  13 kobold skeletons (D:8)
  5 kobold zombies (D:8)
  5 rats
688 creatures vanquished.

Vanquished Creatures (collateral kills)
  A two-headed ogre (D:9)
  2 boulder beetles
  A deep troll earth mage (D:15)
  A skyshark (Lair:5)
  A sea snake (Lair:5)
  9 elephants
  A black mamba (Lair:4)
  A torpor snail (Lair:5)
  A cane toad (Lair:4)
  2 centaur skeletons (D:13)
  3 komodo dragons
  Grinder (D:5)
  2 blink frogs (Lair:3)
  A wyvern (D:11)
  A basilisk (Lair:2)
  A hog (D:10)
  8 yaks
  A wraith (D:11)
  A water moccasin (D:7)
  A sky beast (D:6)
  A wolf (D:11)
  2 gnoll sergeants
  3 bullfrogs
  3 wights (D:7)
  An electric eel (D:10)
  A bombardier beetle (D:5)
  A jelly (D:7)
  A gnoll (D:5)
  An adder (D:5)
  4 orcs
58 creatures vanquished.

Vanquished Creatures (others)
  A warg (Orc:1)
  An orc warrior (Orc:1)
2 creatures vanquished.

Grand Total: 748 creatures vanquished

Notes
Turn   | Place    | Note
-------+----------+-------------------------------------------
     0 | D:1      | melvinkitnick the Oni Ice Elementalist began the quest for
                  | the Orb.
     0 | D:1      | Reached XP level 1. HP: 16/16 MP: 3/3
    87 | D:1      | Reached XP level 2. HP: 19/24 MP: 0/5
   270 | D:1      | Found a faded altar of an unknown god.
   278 | D:1      | You fall into a shaft and drop 1 floor!
  1053 | D:1      | Reached XP level 3. HP: 31/31 MP: 5/7
  1057 | D:1      | Learned a level 3 spell: Frozen Ramparts
  1061 | D:1      | Learned a level 3 spell: Summon Ice Beast
  1610 | D:2      | Reached XP level 4. HP: 39/39 MP: 5/9
  1648 | D:2      | Noticed Terence
  1658 | D:2      | Killed Terence
  2581 | D:3      | Reached skill level 5 in Ice Magic
  2581 | D:3      | Reached XP level 5. HP: 24/45 MP: 3/10
  2587 | D:3      | Learned a level 3 spell: Ozocubu's Armour
  3264 | D:4      | Found a sparkling altar of Nemelex Xobeh.
  3782 | D:4      | Reached XP level 6. HP: 53/53 MP: 7/12
  4201 | D:4      | Found a shimmering altar of Xom.
  4289 | D:5      | Entered Level 5 of the Dungeon
  4292 | D:5      | Reached skill level 1 in Fighting
  4292 | D:5      | Reached skill level 1 in Summonings
  4367 | D:5      | Found a white marble altar of Elyvilon.
  4367 | D:5      | Found a glowing silver altar of Zin.
  4368 | D:5      | Found a glowing golden altar of the Shining One.
  4377 | D:5      | Noticed Grinder
  4392 | D:5      | Paralysed by Grinder for 3 turns
  4395 | D:5      | Killed Grinder
  4396 | D:5      | Reached skill level 2 in Fighting
  4396 | D:5      | Reached XP level 7. HP: 38/66 MP: 2/13
  4508 | D:5      | Reached skill level 3 in Fighting
  4515 | D:5      | Found an opulent altar of Gozag.
  4526 | D:5      | Became a worshipper of Gozag Ym Sagoz the Greedy
  4686 | D:5      | Reached skill level 4 in Fighting
  5062 | D:5      | Found a bloodstained altar of Trog.
  5086 | D:5      | Found an iron altar of Okawaru.
  5089 | D:5      | Reached XP level 8. HP: 79/79 MP: 10/14
  5118 | D:5      | Found an ornate altar of the Wu Jian Council.
  5118 | D:5      | Found an ancient bone altar of Kikubaaqudgha.
  5119 | D:5      | Found a burning altar of Makhleb.
  5424 | D:6      | Found a blossoming altar of Fedhas.
  5477 | D:6      | Reached skill level 5 in Fighting
  5749 | D:6      | Reached skill level 6 in Fighting
  6061 | D:6      | Identified the +2 spear of Balance {flame, Will+ MP+9
                  | Int+3}
  6291 | D:6      | Reached XP level 9. HP: 92/92 MP: 15/15
  6325 | D:6      | Reached skill level 7 in Fighting
  7066 | D:7      | Noticed a boulder beetle
  7088 | D:7      | Killed a boulder beetle
  7089 | D:7      | Reached skill level 8 in Fighting
  7194 | D:7      | Reached skill level 10 in Ice Magic
  7194 | D:7      | Noticed a two-headed ogre
  7200 | D:7      | Killed a two-headed ogre
  7201 | D:7      | Reached XP level 10. HP: 65/104 MP: 13/16
  7225 | D:7      | Noticed a two-headed ogre
  7240 | D:7      | Killed a two-headed ogre
  7626 | D:7      | Found a staircase to the Ecumenical Temple.
  7627 | D:7      | Noticed Maggie
  7635 | D:7      | Killed Maggie
  7660 | Temple   | Entered the Ecumenical Temple
  8574 | D:8      | Reached skill level 5 in Spellcasting
  8617 | D:8      | Learned a level 3 spell: Hailstorm
  8703 | D:8      | Found a shimmering blue altar of Sif Muna.
  8905 | D:8      | Noticed a gargoyle
  8916 | D:8      | Killed a gargoyle
  8917 | D:8      | Reached skill level 9 in Fighting
  8917 | D:8      | Reached skill level 1 in Conjurations
  9334 | D:8      | Noticed a kobold demonologist
  9341 | D:8      | Killed a kobold demonologist
  9342 | D:8      | Reached XP level 11. HP: 108/113 MP: 1/19
  9513 | D:8      | Found an ancient bone altar of Kikubaaqudgha.
  9694 | D:9      | Found Raotiblueg's Antique Armour Shop.
  9822 | D:9      | Found Eczuicy's Jewellery Boutique.
  9895 | D:9      | Noticed a two-headed ogre
  9902 | D:9      | Killed a two-headed ogre
 10042 | D:9      | Found a staircase to the Lair.
 10145 | D:9      | Found Zopag's Jewellery Shop.
 10193 | D:9      | Reached skill level 10 in Fighting
 10339 | D:9      | Noticed a two-headed ogre
 10347 | D:9      | Killed a two-headed ogre
 10421 | D:9      | Bought a +6 ring of intelligence for 432 gold pieces
 10489 | D:10     | Entered Level 10 of the Dungeon
 10566 | D:10     | Found a transporter.
 10740 | D:10     | Reached skill level 11 in Fighting
 11126 | D:10     | Noticed a centaur warrior
 11126 | D:10     | Noticed a cyclops
 11136 | D:10     | Reached skill level 12 in Fighting
 11138 | D:10     | Killed a cyclops
 11145 | D:10     | Killed a centaur warrior
 11146 | D:10     | Reached XP level 12. HP: 115/133 MP: 24/24
 11296 | D:10     | Found a transporter.
 11695 | D:10     | Found a basalt altar of Yredelemnul.
 11695 | D:10     | Found a snail-covered altar of Cheibriados.
 11751 | Lair:1   | Entered Level 1 of the Lair of Beasts
 11815 | Lair:1   | Noticed Nergalle
 11829 | Lair:1   | Killed Nergalle
 11830 | Lair:1   | Reached skill level 5 in Dodging
 12336 | Lair:1   | Reached skill level 13 in Fighting
 12621 | Lair:1   | Found a runed translucent door.
 12788 | Lair:1   | Found a runed translucent gate.
 12788 | Lair:1   | Found a runed translucent gate.
 12788 | Lair:1   | Found a runed translucent gate.
 12788 | Lair:1   | Found a runed translucent gate.
 12788 | Lair:1   | Found a runed translucent gate.
 12788 | Lair:1   | Noticed a boulder beetle
 12788 | Lair:1   | Noticed a boulder beetle
 12793 | Lair:1   | Found a runed translucent gate.
 12835 | Lair:2   | Noticed a four-headed hydra
 12843 | Lair:2   | Killed a four-headed hydra
 13106 | Lair:2   | Reached skill level 5 in Conjurations
 13178 | Lair:2   | Noticed a death yak
 13178 | Lair:2   | Noticed a death yak
 13180 | Lair:2   | Noticed a death yak
 13184 | Lair:2   | Noticed a skyshark
 13199 | Lair:1   | Killed a death yak
 13517 | Lair:2   | Killed a skyshark
 13708 | Lair:2   | Reached skill level 14 in Fighting
 14198 | Lair:3   | Reached XP level 13. HP: 144/146 MP: 12/25
 15019 | Lair:3   | Found the +3 pair of seven-league boots {Rampage+∞}
 15113 | Lair:3   | Found a staircase to the Swamp.
 15113 | Lair:3   | Noticed an eleionoma
 15131 | Lair:3   | Killed an eleionoma
 15132 | Lair:3   | Reached skill level 15 in Fighting
 15263 | Lair:3   | Found a hole to the Spider Nest.
 15676 | Lair:4   | Found a staircase to the Slime Pits.
 15839 | Lair:4   | Learned a level 1 spell: Apportation
 16046 | Lair:4   | Reached skill level 1 in Translocations
 17412 | Lair:4   | Reached XP level 14. HP: 61/159 MP: 24/26
 17581 | Lair:5   | Entered Level 5 of the Lair of Beasts
 17913 | Lair:5   | Noticed a dire elephant
 18094 | Lair:5   | Killed a dire elephant
 18460 | Lair:5   | Reached skill level 16 in Fighting
 18521 | Lair:5   | Reached skill level 10 in Conjurations
 19460 | Lair:5   | Reached skill level 10 in Spellcasting
 19818 | Lair:5   | Identified the amulet "Taowut" {Reflect rC- Dex+6 Slay+3
                  | SH+5}
 19829 | Lair:5   | Identified the +3 mace of Cathrupt {drain, Will- Str+7
                  | Int+3 Stlth+}
 19837 | Lair:5   | Learned a level 2 spell: Sublimation of Blood
 19999 | Lair:5   | Found an iron altar of Okawaru.
 20453 | D:11     | Reached skill level 1 in Necromancy
 20543 | D:11     | Reached XP level 15. HP: 171/171 MP: 29/29
 20762 | D:11     | Identified the ring "Nuymo" {rPois rF+ Will- Str+2}
 20807 | D:11     | Paralysed by a hornet for 1 turns
 21094 | D:11     | Noticed Grum
 21121 | D:11     | Killed Grum
 21583 | D:11     | Found Mihea's Armour Shop.
 21825 | D:12     | Found a staircase to the Orcish Mines.
 22626 | D:12     | Reached skill level 10 in Dodging
 23132 | D:13     | Reached skill level 1 in Shields
 23454 | D:13     | Noticed Nessos
 23462 | D:13     | Killed Nessos
 23836 | D:13     | Noticed Urug
 23843 | D:13     | Killed Urug
 23953 | D:13     | Found a gate to the Vaults.
 24507 | D:14     | Learned a level 7 spell: Orb of Destruction
 25458 | D:14     | Reached XP level 16. HP: 171/182 MP: 25/30
 25667 | D:15     | Entered Level 15 of the Dungeon
 25736 | D:15     | Upgraded the game from 0.31.0-11-ge490571c62 to
                  | 0.31.0-12-g77e489cdc1
 25740 | D:15     | Paralysed by an orc sorcerer for 3 turns
 26151 | D:15     | Reached skill level 5 in Shields
 26479 | D:15     | Found a staircase to the Depths.
 26611 | D:15     | Found a sacrificial altar of Ru.
 26771 | D:15     | Got the Precepts of the Burn
 27217 | Orc:1    | Entered Level 1 of the Orcish Mines
 27527 | Orc:2    | Entered Level 2 of the Orcish Mines
 27527 | Orc:2    | Found a staircase to the Elven Halls.
 28091 | Orc:1    | Found Rutiofet's Magic Scroll Shop.
 28631 | Orc:2    | Noticed Jorgrun
 28638 | Orc:2    | Killed Jorgrun
 29251 | Orc:2    | Found Tari's Jewellery Shoppe.
 29251 | Orc:2    | Found Ekuzxar's General Store.
 29254 | Orc:2    | Found Xeimnats's Magic Scroll Shoppe.
 29254 | Orc:2    | Found Kuelutt's Armour Shop.
 29261 | Orc:2    | Bought a scroll of blinking for 97 gold pieces
 29446 | D:9      | Bought a +6 ring of intelligence for 612 gold pieces
 29970 | Spider:1 | Entered Level 1 of the Spider Nest
 29970 | Spider:1 | Identified the serpent talisman "Atot" {rF+ Str+3}
 29970 | Spider:1 | Noticed Aizul
 29982 | Spider:1 | Killed from afar by Aizul

Illustrated notes

Levels and vault maps discovered:
D:1:      grunt_arrival_crossed_arrows, layout_loops_cross,
          nicolae_ecumenical_snake_handling
D:2:      layout_basic, uniq_terence
D:3:      layout_basic
D:4:      layout_gridville, marbit_many_paths, kennysheep_mini
D:5:      layout_cave_pools, good_gods_temple_1, lemuel_round_altar,
          lemuel_coloured_pillars_altar,
          chequers_temple_overflow_statue_of_worship, nicolae_sextant,
          guppyfry_early_lair_pool, uniq_grinder
D:6:      cheibrodos_steamvent, layout_cave_pods, mainiacjoe_overflow_alcove_1,
          serial_column_ruins, column_ruins_grid_3, column_ruins_grid_1,
          column_ruins_grid_1, column_ruins_open_small, amethyst_killhole,
          corner_web_ring, nicolae_fountain_basement
D:7:      wad_guarded_room, layout_basic, minmay_temple_entry_statues_fountains,
          uniq_maggie
D:8:      wander_kiku_kobolds, layout_rooms,
          mainiacjoe_overflow_concentric_impassable,
          hangedman_abyss_or_decor_stabs
D:9:      layout_gridville, lair_entry_dummy, serial_shops,
          nicolae_shop_advertising_works [nicolae_subvault_shop_adworks],
          nicolae_shop_window_shopping, nicolae_shop_tiny_glass
D:10:     gammafunk_worm_tunnel, layout_basic, nicolae_overflow_two_pavilions,
          serial_bayou_pond_b, grunt_livestock
D:11:     hangedman_cross_cluster, layout_rooms, serial_shops,
          nicolae_shop_peninsula, uniq_grum
D:12:     layout_roguey, erik_orc_4, gauntlet_entry_generic
D:13:     layout_basic, hangedman_vaults_entry_quadrant_bands, uniq_urug,
          uniq_nessos
D:14:     minmay_distorted_concentric_squares, layout_long_grid,
          kennysheep_small_spiral, nrook_mini_vaults
D:15:     hellmonk_depths_entry_around_the_bend, layout_irregular_city,
          minmay_misc_feat_cross, nicolae_ru_awakened_eye
Temple:   hellmonk_temple_two_chambers
Lair:1:   gammafunk_indiana_jones, layout_long_grid, uniq_nergalle
Lair:2:   layout_regular_city, beast_lair_carwin_2
Lair:3:   layout_chaotic_city, alex1729_swamp_entry_worm_eleionoma,
          hellmonk_spider_entry_life_and_decay,
          hellmonk_guarded_unrand_seven_league_boots
Lair:4:   layout_cave_pods, slime_entry_1, beast_lair_carwin_8
Lair:5:   gammafunk_lair_ancient_temple, layout_regular_city, basic_altar
Spider:1: layout_spider_delve, drop_trap, nicolae_spider_wall_of_niches,
          uniq_aizul
Orc:1:    layout_caves, basic_altar, serial_shops,
          nicolae_shop_tiny_real_fake_doors
Orc:2:    grunt_orc_tribal_feast, layout_caves,
          regret_index_minedec_shroomtown_chain, uniq_jorgrun

Skill      XL: |  1  2  3  4  5  6  7  8  9 10 11 12 13 14 15 16 |
---------------+-------------------------------------------------+-----
Ice Magic      | 4 5 6 8 10 12 | 12.0
Spellcasting   | 3 4 5 8 10 | 10.6
Fighting       | 2 4 6 8 9 12 14 15 16 | 16.9
Summonings     | 2 4 |  4.0
Dodging        | 3 4 7 8 9 10 | 10.0
Conjurations   | 2 4 7 9 11 13 14 | 14.8
Translocations | 3 4 |  4.0
Necromancy     | 1 4 |  4.0
Shields        | 4 6 |  6.9
Stealth        | |  1.4

Action                     |  1- 3 |  4- 6 |  7- 9 | 10-12 | 13-15 | 16-18 || total
---------------------------+-------+-------+-------+-------+-------+-------++-------
  Melee: Long sword        |     9 |       |       |       |       |       ||     9
         Mace              |     1 |    14 |       |       |       |       ||    15
         Dagger            |       |    11 |    44 |       |       |       ||    55
         Headbutt          |       |     2 |    23 |    76 |   105 |    39 ||   245
         Spear             |       |       |    39 |   342 |   368 |   151 ||   900
         Punch             |       |       |     2 |       |       |       ||     2
         Unarmed           |       |       |       |     5 |       |       ||     5
  Throw: Dart              |       |       |     4 |     4 |    42 |     3 ||    53
   Cast: Freeze            |    46 |    50 |    16 |       |       |       ||   112
         Frozen Ramparts   |       |    15 |    41 |    73 |   121 |    25 ||   275
         Summon Ice Beast  |       |     3 |     7 |    36 |    64 |     4 ||   114
         Ozocubu's Armour  |       |       |     2 |    32 |    34 |    16 ||    84
         Hailstorm         |       |       |       |    41 |   335 |   140 ||   516
         Apportation       |       |       |       |       |    16 |   127 ||   143
         Sublimation of Bl |       |       |       |       |    20 |    75 ||    95
         Orb of Destructio |       |       |       |       |     4 |    31 ||    35
  Evoke: Wand              |       |     2 |       |     2 |    17 |     4 ||    25
    Use: Scroll            |     8 |     5 |     1 |     7 |     6 |     2 ||    29
   Stab: Sleeping          |     1 |     2 |     1 |     2 |       |       ||     6
         Paralysed         |       |       |       |     3 |     3 |       ||     6
         Distracted        |       |       |       |     2 |     2 |     2 ||     6
 Armour: Robe              |    31 |    46 |    70 |    18 |       |   194 ||   359
         Steam dragon scal |       |       |       |   395 |   636 |    14 ||  1045
  Dodge: Dodged            |    21 |    33 |    36 |   210 |   310 |   110 ||   720
  Block: Kite shield       |       |       |       |       |   177 |   142 ||   319
